TOP OF THE 1ST |
Minnesota Death Stars batting - Pitching for Cincinnati Pride : RHP Jesús Martínez
|
Pitching: RHP Jesús Martínez
|
|
Batting: RHB Yasuoka Tanaka
|
0-0: Called Strike 0-1: Foul Ball, location: 2F 0-2: Ball 1-2: Ball 2-2: Strikes out swinging
|
Batting: RHB Peter Dixon
|
0-0: Foul Ball, location: 2F 0-1: Ball 1-1: Ball 2-1: Fly out, F9 (Flyball, 89M)
|
Batting: LHB Chris Loudermilk
|
0-0: Called Strike 0-1: Foul Ball, location: 2F 0-2: Strikes out swinging
|
Top of the 1st over - 0 run(s), 0 hit(s), 0 error(s), 0 left on base; Minnesota 0 - Cincinnati 0 |
BOTTOM OF THE 1ST |
Cincinnati Pride batting - Pitching for Minnesota Death Stars : RHP Pat Jackson
|
Pitching: RHP Pat Jackson
|
|
Batting: RHB Larry Booth
|
0-0: Called Strike 0-1: Called Strike 0-2: Ball 1-2: Ball 2-2: Ball 3-2: Strikes out looking
|
Batting: SHB Rafael Villa
|
0-0: Ball 1-0: Ball 2-0: Ball 3-0: Called Strike 3-1: Foul Ball, location: 2F 3-2: Base on Balls
|
Batting: RHB Pablo Gómez
|
0-0: Swinging Strike 0-1: Fly out, F3 (Popup, 3D)
|
Batting: RHB Roberto Chávez
|
0-0: SINGLE (Flyball, 8RS) Rafael Villa to second
|
Batting: RHB Randy Simons
|
0-0: Called Strike 0-1: Foul Ball, location: 2F 0-2: Ball 1-2: Ball 2-2: Fly out, F9 (Flyball, 9M)
|
Bottom of the 1st over - 0 run(s), 1 hit(s), 0 error(s), 2 left on base; Minnesota 0 - Cincinnati 0 |
TOP OF THE 2ND |
Minnesota Death Stars batting - Pitching for Cincinnati Pride : RHP Jesús Martínez
|
Batting: RHB Herb Ashley
|
0-0: Ball 1-0: Called Strike 1-1: SINGLE (Line Drive, 4D)
|
Batting: RHB Jorge Martínez
|
0-0: Ball 1-0: Foul Ball, location: 2F 1-1: Fly out, F8 (Flyball, 8RM)
|
Batting: RHB Chet Decker
|
0-0: Fly out, F9 (Line Drive, 89D)
|
Batting: RHB Jaime Contreras
|
0-0: Ball 1-0: Ball 2-0: Ball 3-0: Called Strike 3-1: Base on Balls Herb Ashley to second
|
Batting: RHB Leslie Penn
|
0-0: Ground out 1-3 (Groundball, 13S)
|
Top of the 2nd over - 0 run(s), 1 hit(s), 0 error(s), 2 left on base; Minnesota 0 - Cincinnati 0 |
BOTTOM OF THE 2ND |
Cincinnati Pride batting - Pitching for Minnesota Death Stars : RHP Pat Jackson
|
Batting: RHB Gabriel Villegas
|
0-0: Foul Ball, location: 2F 0-1: Called Strike 0-2: Ball 1-2: Foul Ball, location: 2F 1-2: Fly out, F8 (Flyball, 8RD)
|
Batting: RHB Michael Skinner
|
0-0: Ball 1-0: Ground out 6-3 (Groundball, 6)
|
Batting: RHB Wilson Flores
|
0-0: Ball 1-0: Called Strike 1-1: Bunt for hit - play at first, batter OUT! 5-3
|
Bottom of the 2nd over - 0 run(s), 0 hit(s), 0 error(s), 0 left on base; Minnesota 0 - Cincinnati 0 |
TOP OF THE 3RD |
Minnesota Death Stars batting - Pitching for Cincinnati Pride : RHP Jesús Martínez
|
Batting: RHB Juan Martínez
|
Error on foul ball, E2 0-1: Foul Ball, location: 2F 0-2: Ball 1-2: Strikes out swinging
|
Batting: RHB Yasuoka Tanaka
|
0-0: Called Strike 0-1: Ball 1-1: Foul Ball, location: 2F 1-2: Foul Ball, location: 2F 1-2: Strikes out swinging
|
Batting: RHB Peter Dixon
|
0-0: Swinging Strike 0-1: Called Strike 0-2: Ball 1-2: Strikes out swinging
|
Top of the 3rd over - 0 run(s), 0 hit(s), 1 error(s), 0 left on base; Minnesota 0 - Cincinnati 0 |
BOTTOM OF THE 3RD |
Cincinnati Pride batting - Pitching for Minnesota Death Stars : RHP Pat Jackson
|
Batting: RHB Norris Howard
|
0-0: Foul Ball, location: 2F 0-1: Foul Ball, location: 2F 0-2: Ball 1-2: Strikes out swinging
|
Batting: RHB Larry Booth
|
0-0: SINGLE (Flyball, 78S)
|
Batting: SHB Rafael Villa
|
0-0: Fly out, F8 (Flyball, 8LXD)
|
Batting: RHB Pablo Gómez
|
0-0: Called Strike 0-1: Ball 1-1: Ball 2-1: Ball 3-1: Base on Balls Larry Booth to second
|
Batting: RHB Roberto Chávez
|
0-0: Fly out, F9 (Flyball, 89XD)
|
Bottom of the 3rd over - 0 run(s), 1 hit(s), 0 error(s), 2 left on base; Minnesota 0 - Cincinnati 0 |
TOP OF THE 4TH |
Minnesota Death Stars batting - Pitching for Cincinnati Pride : RHP Jesús Martínez
|
Batting: LHB Chris Loudermilk
|
0-0: Called Strike 0-1: Ball 1-1: Ball 2-1: Called Strike 2-2: Ball 3-2: Strikes out swinging
|
Batting: RHB Herb Ashley
|
0-0: Foul Ball, location: 2F 0-1: Fly out, F9 (Flyball, 9M)
|
Batting: RHB Jorge Martínez
|
0-0: Ball 1-0: Foul Ball, location: 2F 1-1: Ball 2-1: Swinging Strike 2-2: Ball 3-2: Foul Ball, location: 2F 3-2: Strikes out swinging
|
Top of the 4th over - 0 run(s), 0 hit(s), 0 error(s), 0 left on base; Minnesota 0 - Cincinnati 0 |
BOTTOM OF THE 4TH |
Cincinnati Pride batting - Pitching for Minnesota Death Stars : RHP Pat Jackson
|
Batting: RHB Randy Simons
|
0-0: Swinging Strike 0-1: Ball 1-1: Fly out, F6 (Popup, 5D)
|
Batting: RHB Gabriel Villegas
|
0-0: Ball 1-0: Swinging Strike 1-1: Ball 2-1: Ball 3-1: Ground out 6-3 (Groundball, 6)
|
Batting: RHB Michael Skinner
|
0-0: Ball 1-0: Called Strike 1-1: Ball 2-1: Ball 3-1: Base on Balls
|
Batting: RHB Wilson Flores
|
0-0: Ball 1-0: Called Strike 1-1: Ball 2-1: Foul Ball, location: 2F 2-2: Strikes out swinging
|
Bottom of the 4th over - 0 run(s), 0 hit(s), 0 error(s), 1 left on base; Minnesota 0 - Cincinnati 0 |
TOP OF THE 5TH |
Minnesota Death Stars batting - Pitching for Cincinnati Pride : RHP Jesús Martínez
|
Batting: RHB Chet Decker
|
0-0: Ball 1-0: Called Strike 1-1: Called Strike 1-2: Strikes out swinging
|
Batting: RHB Jaime Contreras
|
0-0: Swinging Strike 0-1: DOUBLE (Flyball, 89XD)
|
|
|
Pitching: RHP José Gonzáles
|
|
Batting: RHB Leslie Penn
|
0-0: Called Strike 0-1: Foul Ball, location: 2F 0-2: Foul Ball, location: 2F 0-2: Ball 1-2: SINGLE (Flyball, 8LS) Jaime Contreras to third Runner from 3rd tries for Home, SAFE, throw made home
|
Batting: RHB Juan Martínez
|
0-0: Fly out, F9 (Line Drive, 9M) 0-0: Fly out, F9 (Line Drive, 9M)
|
Batting: RHB Yasuoka Tanaka
|
0-0: Called Strike 0-1: Called Strike 0-2: Ball 1-2: Ground out 6-3 (Groundball, 6)
|
Top of the 5th over - 1 run(s), 2 hit(s), 0 error(s), 1 left on base; Minnesota 1 - Cincinnati 0 |
BOTTOM OF THE 5TH |
Cincinnati Pride batting - Pitching for Minnesota Death Stars : RHP Pat Jackson
|
Batting: RHB Norris Howard
|
0-0: Called Strike 0-1: Called Strike 0-2: Ball 1-2: Ball 2-2: Strikes out swinging
|
Batting: RHB Larry Booth
|
0-0: Ball 1-0: TRIPLE (Line Drive, 89M)
|
Batting: SHB Rafael Villa
|
0-0: DOUBLE (Flyball, 9D) Larry Booth scores
|
Batting: RHB Pablo Gómez
|
0-0: Ball 1-0: Foul Ball, location: 2F 1-1: Called Strike 1-2: Foul Ball, location: 2F 1-2: Ball 2-2: Strikes out swinging
|
Batting: RHB Roberto Chávez
|
0-0: Fly out, F8 (Flyball, 8LM)
|
Bottom of the 5th over - 1 run(s), 2 hit(s), 0 error(s), 1 left on base; Minnesota 1 - Cincinnati 1 |
TOP OF THE 6TH |
Minnesota Death Stars batting - Pitching for Cincinnati Pride : RHP José Gonzáles
|
Batting: RHB Peter Dixon
|
0-0: Ball 1-0: Called Strike 1-1: Swinging Strike 1-2: Ball 2-2: Ball 3-2: Strikes out looking
|
Batting: LHB Chris Loudermilk
|
0-0: Called Strike 0-1: Ball 1-1: Ground out 6-3 (Groundball, 6M)
|
Batting: RHB Herb Ashley
|
0-0: Swinging Strike 0-1: Called Strike 0-2: Ball 1-2: Strikes out swinging
|
Top of the 6th over - 0 run(s), 0 hit(s), 0 error(s), 0 left on base; Minnesota 1 - Cincinnati 1 |
BOTTOM OF THE 6TH |
Cincinnati Pride batting - Pitching for Minnesota Death Stars : RHP Pat Jackson
|
Batting: RHB Randy Simons
|
0-0: Foul Ball, location: 2F 0-1: Ball 1-1: Swinging Strike 1-2: Fly out, F7 (Flyball, 7D)
|
Batting: RHB Gabriel Villegas
|
0-0: Ball 1-0: SINGLE (Groundball, 5L)
|
Batting: RHB Michael Skinner
|
0-0: Ball 1-0: Fielders Choice at 2nd, 5-4 (Groundball, 56)
|
Batting: RHB Wilson Flores
|
0-0: Ball 1-0: Foul Ball, location: 2F 1-1: Called Strike 1-2: Ball 2-2: Strikes out swinging
|
Bottom of the 6th over - 0 run(s), 1 hit(s), 0 error(s), 1 left on base; Minnesota 1 - Cincinnati 1 |
TOP OF THE 7TH |
Minnesota Death Stars batting - Pitching for Cincinnati Pride : RHP José Gonzáles
|
Pinch Hitting: RHB José Pérez
|
0-0: Ball 1-0: Called Strike 1-1: Called Strike 1-2: Ground out 1-3 (Groundball, 13S)
|
Pitching: RHP Fernando Silva
|
|
Batting: RHB Chet Decker
|
0-0: Foul Ball, location: 2F 0-1: Swinging Strike 0-2: Strikes out swinging
|
Batting: RHB Jaime Contreras
|
0-0: Swinging Strike 0-1: Ball 1-1: Ball 2-1: Swinging Strike 2-2: Strikes out swinging
|
Top of the 7th over - 0 run(s), 0 hit(s), 0 error(s), 0 left on base; Minnesota 1 - Cincinnati 1 |
BOTTOM OF THE 7TH |
Cincinnati Pride batting - Pitching for Minnesota Death Stars : RHP Pat Jackson
|
Pitching: RHP Howard Jewel
|
|
Now in RF: José Pérez
|
|
Pinch Hitting: LHB Wes Stone
|
0-0: Called Strike 0-1: Swinging Strike 0-2: Ground out 6-3 (Groundball, 6M)
|
Batting: RHB Larry Booth
|
0-0: Called Strike 0-1: Foul Ball, location: 2F 0-2: Ball 1-2: Strikes out swinging
|
Batting: SHB Rafael Villa
|
0-0: Ball 1-0: Called Strike 1-1: Swinging Strike 1-2: SINGLE (Groundball, 4MD)
|
Batting: RHB Pablo Gómez
|
0-0: Called Strike 0-1: SINGLE (Groundball, 56D) Rafael Villa to second
|
Batting: RHB Roberto Chávez
|
0-0: Called Strike 0-1: Called Strike 0-2: Strikes out swinging
|
Bottom of the 7th over - 0 run(s), 2 hit(s), 0 error(s), 2 left on base; Minnesota 1 - Cincinnati 1 |
TOP OF THE 8TH |
Minnesota Death Stars batting - Pitching for Cincinnati Pride : RHP Fernando Silva
|
Now in LF: Wes Stone
|
|
Batting: RHB Leslie Penn
|
0-0: Called Strike 0-1: Ball 1-1: Swinging Strike 1-2: Foul Ball, location: 2F 1-2: DOUBLE (Line Drive, 78D)
|
Batting: RHB Juan Martínez
|
0-0: Swinging Strike 0-1: Swinging Strike 0-2: Ball 1-2: Strikes out looking
|
Batting: RHB Yasuoka Tanaka
|
0-0: Intentional Walk
|
Pinch Hitting: LHB Lucas Coleman
|
0-0: Ball 1-0: Foul Ball, location: 2F 1-1: Bunted foul 1-2: Fly out, F8 (Flyball, 8RM)
|
Batting: LHB Chris Loudermilk
|
0-0: Ball 1-0: Ball 2-0: Ball 3-0: Swinging Strike 3-1: Swinging Strike 3-2: Strikes out looking
|
Top of the 8th over - 0 run(s), 1 hit(s), 0 error(s), 2 left on base; Minnesota 1 - Cincinnati 1 |
BOTTOM OF THE 8TH |
Cincinnati Pride batting - Pitching for Minnesota Death Stars : RHP Howard Jewel
|
Now at 3B: Boys van der Lack
|
|
Batting: RHB Randy Simons
|
0-0: Reached on Error, E9 (Flyball, 9LM)
|
Batting: RHB Gabriel Villegas
|
0-0: Ball 1-0: Ball 2-0: Bunted foul 2-1: Sac Bunt - play at first, batter OUT! 1-4 Randy Simons to second
|
Pinch Hitting: SHB Jorge García
|
0-0: Intentional Walk
|
Batting: RHB Wilson Flores
|
0-0: Called Strike 0-1: Ball 1-1: Ball 2-1: Grounds into double play, U6-3 (Groundball, 6M)
|
Bottom of the 8th over - 0 run(s), 0 hit(s), 1 error(s), 1 left on base; Minnesota 1 - Cincinnati 1 |
TOP OF THE 9TH |
Minnesota Death Stars batting - Pitching for Cincinnati Pride : RHP Fernando Silva
|
Pitching: RHP Eusébio Lagarto
|
|
Now in RF: Álex Hernández
|
|
Batting: RHB Herb Ashley
|
0-0: Called Strike 0-1: Foul Ball, location: 2F 0-2: Strikes out swinging
|
Batting: RHB José Pérez
|
0-0: Foul Ball, location: 2F 0-1: Ball 1-1: Hit by Pitch
|
Batting: RHB Chet Decker
|
0-0: Ball José Pérez steals 2nd base 1-0: Foul Ball, location: 2F 1-1: Ball 2-1: Ground out 5-3 (Groundball, 5S) José Pérez to third
|
Batting: RHB Jaime Contreras
|
0-0: Foul Ball, location: 2F 0-1: Called Strike 0-2: Foul Ball, location: 2F 0-2: Strikes out looking
|
Top of the 9th over - 0 run(s), 0 hit(s), 0 error(s), 1 left on base; Minnesota 1 - Cincinnati 1 |
BOTTOM OF THE 9TH |
Cincinnati Pride batting - Pitching for Minnesota Death Stars : RHP Howard Jewel
|
Batting: LHB Wes Stone
|
0-0: Ball 1-0: Called Strike 1-1: Called Strike 1-2: Ball 2-2: Strikes out looking
|
Batting: RHB Larry Booth
|
0-0: Ball 1-0: Called Strike 1-1: Ball 2-1: Called Strike 2-2: Foul Ball, location: 2F 2-2: Ball 3-2: Ground out 6-3 (Groundball, 6M)
|
Batting: SHB Rafael Villa
|
0-0: Called Strike 0-1: SINGLE (Line Drive, 89S)
|
Batting: RHB Pablo Gómez
|
0-0: Ball 1-0: Foul Ball, location: 2F 1-1: Ground out 4-3 (Groundball, 34)
|
Bottom of the 9th over - 0 run(s), 1 hit(s), 0 error(s), 1 left on base; Minnesota 1 - Cincinnati 1 |
TOP OF THE 10TH |
Minnesota Death Stars batting - Pitching for Cincinnati Pride : RHP Eusébio Lagarto
|
Batting: RHB Leslie Penn
|
0-0: Called Strike 0-1: Ball 1-1: Ball 2-1: Ball 3-1: Base on Balls
|
Batting: RHB Juan Martínez
|
0-0: Sac Bunt - play at first, batter OUT! 1-4 Leslie Penn to second
|
Batting: RHB Yasuoka Tanaka
|
0-0: Intentional Walk
|
Pinch Hitting: RHB Manny Clemente
|
0-0: Fly out, F3 (Popup, 3DF)
|
Batting: LHB Chris Loudermilk
|
0-0: Ball 1-0: Foul Ball, location: 2F 1-1: Ball 2-1: Swinging Strike 2-2: Strikes out swinging
|
Top of the 10th over - 0 run(s), 0 hit(s), 0 error(s), 2 left on base; Minnesota 1 - Cincinnati 1 |
BOTTOM OF THE 10TH |
Cincinnati Pride batting - Pitching for Minnesota Death Stars : RHP Howard Jewel
|
Now at 2B: John Brown
|
|
Batting: RHB Roberto Chávez
|
0-0: Called Strike 0-1: Called Strike 0-2: Strikes out looking
|
Batting: RHB Randy Simons
|
0-0: Swinging Strike 0-1: Ball 1-1: Ball 2-1: Ball 3-1: SINGLE (Flyball, 8RS)
|
Batting: RHB Gabriel Villegas
|
0-0: Ball Randy Simons steals 2nd base 1-0: Intentional Walk
|
Batting: RHB Álex Hernández
|
0-0: Fly out, F7 (Line Drive, 7LM)
|
Batting: RHB Wilson Flores
|
0-0: Ball 1-0: SINGLE (Line Drive, 6D) Randy Simons to third Gabriel Villegas to second Runner from 3rd tries for Home, SAFE, throw made at trailing runner, OUT at third!
|
Bottom of the 10th over - 1 run(s), 2 hit(s), 0 error(s), 1 left on base; Minnesota 1 - Cincinnati 2 |
|
|